 Dungeon Crawl Stone Soup version 0.18.1-50-g88ac8fd (webtiles) character file.

9103 go0n the Grappler (level 11, -4/126 HPs)
             Began as a Troll Berserker on Sept 16, 2016.
             Was a High Priest of Trog.
             Slain by an 11-headed hydra (7 damage)
             ... on level 10 of the Dungeon.
             The game lasted 00:46:54 (8432 turns).

go0n the Grappler (Troll Berserker)                 Turns: 8432, Time: 00:46:56

Health: -4/126     AC:  7    Str: 32    XL:     11   Next: 18%
Magic:  8/8        EV: 14    Int:  4    God:    Trog [*****.]
Gold:   294        SH:  0    Dex: 10    Spells: 0 memorised, 10 levels left

rFire  + . .     SeeInvis .       - Unarmed
rCold  . . .     Gourm    +     a - +1 animal skin
rNeg   . . .     Faith    .     (no shield)
rPois  .         Spirit   .     (helmet restricted)
rElec  .         Dismiss  .     g - +0 cloak
rCorr  .         Reflect  .     (gloves unavailable)
SustAt .         Harm     .     (boots unavailable)
MR     .....                    (no amulet)
Stlth  +.........               x - +2 ring of evasion
                                k - ring of protection from fire

@: confused, not resistant to hostile enchantments, very unstealthy
A: unfitting armour, claws 3, blurry vision 1, deformed body, fast metabolism 3,
gourmand, low mp 1, regeneration 3, robust 1, shaggy fur 2, strong 2, tough skin
2, wild magic 1
a: Berserk, Trog's Hand, Brothers in Arms, Burn Spellbooks, Renounce Religion


You were on level 10 of the Dungeon.
You worshipped Trog.
Trog was extremely pleased with you.
You were very full.

You visited 2 branches of the dungeon, and saw 11 of its levels.
You also visited: Sewer and Ossuary.

You collected 454 gold pieces.
You spent 160 gold pieces at shops.

Inventory:

Hand Weapons
 r - the +4 mace of Virtue {antimagic, rC+}
   (You found it on level 8 of the Dungeon)

   It disrupts the flow of magical energy around spellcasters and certain
   magical creatures (including the wielder).
   It protects you from cold.
 w - a +1 dagger of chaos
 y - a +1 dire flail of holy wrath
Missiles
 e - 4 throwing nets
 i - 7 curare-tipped needles
 p - 6 javelins of returning (quivered)
 s - 8 needles of sleeping
Armour
 a - a +1 animal skin (worn)
 g - a +0 cloak (worn)
Jewellery
 k - a ring of protection from fire (left claw)
 x - a +2 ring of evasion (right claw)
 J - an uncursed ring of teleportation
 V - an uncursed ring of flight
Wands
 j - a wand of teleportation (0/9)
 D - a wand of digging (0/24)
 O - a wand of disintegration (10/24)
Scrolls
 d - 8 scrolls of remove curse
 h - a scroll of fear
 l - 5 scrolls of noise
 n - a scroll of magic mapping
 q - 3 scrolls of amnesia
 u - 3 scrolls of teleportation
 v - 2 scrolls of enchant weapon
 E - a scroll of enchant armour
 G - 3 scrolls of blinking
 I - a scroll of fog
 P - a scroll of identify
 Q - a scroll of torment {unknown}
Potions
 c - 2 potions of curing
 f - 3 potions of cure mutation
 o - 2 potions of flight
 z - a potion of brilliance {unknown}
 A - 4 potions of heal wounds {unknown}
 B - a potion of agility {unknown}
 F - a potion of resistance {unknown}
 N - 2 potions of lignification {unknown}
 R - a potion of invisibility {unknown}
 S - a potion of degeneration
Books
 H - a Grand Grimoire

   Spells                             Type                      Level
   a - Monstrous Menagerie            Summoning                    7
   b - Summon Greater Demon           Summoning                    7
   c - Malign Gateway                 Summoning/Translocation      7
   d - Summon Horrible Things         Summoning                    8
   Trog disapproves of the use of such an item.
 L - a book of Flames

   Spells                             Type                      Level
   a - Flame Tongue                   Conjuration/Fire             1
   b - Throw Flame                    Conjuration/Fire             2
   c - Conjure Flame                  Conjuration/Fire             3
   d - Inner Flame                    Hexes/Fire                   3
   e - Sticky Flame                   Conjuration/Fire             4
   f - Fireball                       Conjuration/Fire             5
   Trog disapproves of the use of such an item.
Comestibles
 b - a bread ration
 m - 6 meat rations
 t - 3 beef jerkies
 C - 2 slices of pizza
 K - 5 fruits
 M - 4 royal jellies
 T - 2 chunks of flesh


   Skills:
 * Level 9.1 Fighting
 + Level 7.7 Dodging
 - Level 0.7 Stealth
 + Level 11.4 Unarmed Combat


You had 10 spell levels left.
You didn't know any spells.

Dungeon Overview and Level Annotations

Branches:
Dungeon (10/15)            Temple (1/1) D:4
   Lair: D:8-11         Orc: D:9-12

Altars:
Ashenzari
Cheibriados
Dithmenos
Elyvilon
Gozag
Kikubaaqudgha
Makhleb
Nemelex Xobeh
Pakellas
Qazlal
Ru
Sif Muna
Trog
Vehumet
Xom
Yredelemnul
Zin

Shops:
D:10 *


Innate Abilities, Weirdness & Mutations

You are too large for most types of armour.
You have claws for hands.
Your metabolism is lightning-fast.
You like to eat raw meat.
You regenerate.
You are covered in thick fur (AC +2).
You have very tough skin (AC +2).
Scrolls take you a little longer to read.
Armour fits poorly on your strangely shaped body.
Your magical capacity is low (-10% MP).
You are robust (+10% HP).
Your muscles are very strong. (Str +4)
Your spells are a little harder to cast, but a little more powerful.


Message History

The 11-headed hydra closely misses you.
The 11-headed hydra bites you but does no damage.
The 11-headed hydra bites you!
The 11-headed hydra bites you but does no damage.
The 11-headed hydra bites you! x2
* * * LOW HITPOINT WARNING * * *
The 11-headed hydra bites you!
* * * LOW HITPOINT WARNING * * *
The 11-headed hydra barely misses you. The 11-headed hydra closely misses you.
The 11-headed hydra misses you. The 11-headed hydra bites you!
* * * LOW HITPOINT WARNING * * *
Drink which item? (? for menu, Esc to quit)
It was a potion of ambrosia.
You are confused.
You feel invigorated. The 11-headed hydra bites you!
* * * LOW HITPOINT WARNING * * *
The 11-headed hydra closely misses you. The 11-headed hydra bites you.
* * * LOW HITPOINT WARNING * * *
The 11-headed hydra bites you!
You die...

#.##8# #.# #.##.####.#
#.8.∩...#.# ####.##...#
##############8###..#####
.........................
.....................(...
########.#########.......
#@# #....... #D# #.......
#K# #....... #.# #.......
#Y# #....... #.# #.......
#.# #....... ..# #(#
#.......
#....##)#########.....§.


You could see a 11-headed hydra, an ice beast and a kobold.

Vanquished Creatures
  The ghost of epen the Martial Artist, a novice MfMo of Ru (D:9)
  Joseph (D:7)
  2 trolls
  The ghost of go0n the Shield-Bearer, an amateur MiFi (D:4)
  Grinder (D:4)
  9 spriggans (D:7)
  A hungry ghost (D:7)
  Menkaure (D:6)
  Edmund (D:6)
  A water moccasin (D:9)
  Purgy (Sewer)
  A sky beast (D:5)
  2 ogres
  5 orc warriors
  2 slaves (D:6)
  A black bear (D:7)
  An ice beast (D:10)
  2 phantoms
  3 centaurs
  A big kobold (D:10)
  A gnoll sergeant (D:8)
  9 giant frogs
  A wyvern zombie (D:8)
  4 scorpions
  6 killer bees
  10 wights
  2 howler monkeys
  10 crimson imps
  4 centaur zombies
  8 hounds
  6 jellies
  5 orc priests
  2 giant frog skeletons
  7 iguanas
  Natasha (twice) (D:2)
  10 orc wizards
  11 worker ants
  3 big kobold zombies (Ossuary)
  4 hound skeletons
  4 mummies (Ossuary)
  10 adders
  11 gnolls
  2 shadow imps
  6 oozes
  4 adder skeletons
  An adder zombie (D:6)
  A dart slug (D:2)
  8 giant geckos
  36 orcs
  A ball python (D:6)
  9 giant cockroaches
  6 hobgoblins
  2 jackals (D:2)
  4 quokkas
  7 bats
  A giant gecko skeleton (D:4)
  2 giant newts
  6 goblins
  2 hobgoblin zombies (Ossuary)
  A jackal zombie (D:3)
  11 kobolds
  A quokka zombie (D:6)
  9 rats
288 creatures vanquished.

Notes
Turn   | Place    | Note
--------------------------------------------------------------
     0 | D:1      | go0n the Troll Berserker began the quest for the Orb.
     0 | D:1      | Reached XP level 1. HP: 22/22 MP: 0/0
   113 | D:1      | Reached XP level 2. HP: 28/29 MP: 1/1
   666 | D:2      | Reached ** piety under Trog
   666 | D:2      | Reached XP level 3. HP: 36/36 MP: 2/2
   726 | D:2      | Noticed Natasha
   735 | D:2      | Killed Natasha
   737 | D:2      | Reached XP level 4. HP: 34/45 MP: 3/3
   759 | D:2      | Gained mutation: Your magical capacity is low (-10% MP). [potion of mutation]
   759 | D:2      | Gained mutation: Your muscles are strong. (Str +2) [potion of mutation]
   759 | D:2      | Gained mutation: Your muscles are very strong. (Str +4) [potion of mutation]
   830 | D:2      | Noticed Natasha
   836 | D:2      | Killed Natasha
  1142 | D:3      | Reached skill level 4 in Unarmed Combat
  1163 | D:3      | Reached XP level 5. HP: 34/53 MP: 3/3
  1607 | D:3      | Found a shimmering altar of Xom.
  1631 | D:3      | Reached skill level 5 in Unarmed Combat
  1631 | D:3      | Reached XP level 6. HP: 61/61 MP: 4/4
  1925 | D:3      | Found a sparkling altar of Nemelex Xobeh.
  1925 | D:3      | Found a stormy altar of Qazlal.
  1988 | D:3      | Lost intelligence.
  2137 | D:3      | Reached *** piety under Trog
  2403 | D:4      | Reached skill level 6 in Unarmed Combat
  2403 | D:4      | Reached XP level 7. HP: 47/70 MP: 5/5
  2504 | D:4      | Found a staircase to the Ecumenical Temple.
  2533 | Temple   | Entered the Ecumenical Temple
  2571 | D:4      | Noticed Grinder
  2571 | D:4      | Paralysed by Grinder for 4 turns
  2599 | D:4      | Killed Grinder
  2885 | D:4      | Found a shattered altar of Ashenzari.
  2978 | D:4      | Found a deep blue altar of Sif Muna.
  3097 | D:4      | Noticed go0n's ghost (amateur MiFi)
  3115 | D:4      | Killed go0n's ghost
  3115 | D:4      | Reached skill level 7 in Unarmed Combat
  3115 | D:4      | Reached XP level 8. HP: 20/79 MP: 6/6
  3329 | D:5      | Entered Level 5 of the Dungeon
  3368 | D:5      | Gained mutation: You are covered in thick fur (AC +2). [potion of mutation]
  3368 | D:5      | Gained mutation: You regenerate. [potion of mutation]
  3368 | D:5      | Gained mutation: Armour fits poorly on your strangely shaped body. [potion of mutation]
  3369 | D:5      | Gained mutation: Your spells are a little harder to cast, but a little more powerful. [potion of mutation]
  3611 | D:5      | Found a glowing drain.
  3615 | Sewer    | Entered a sewer
  3635 | Sewer    | Noticed Purgy
  3644 | Sewer    | Killed Purgy
  3819 | Sewer    | Gained mutation: You are robust (+10% HP). [potion of mutation]
  3819 | Sewer    | Gained mutation: Scrolls take you a little longer to read. [potion of mutation]
  4017 | D:5      | Reached skill level 5 in Dodging
  4041 | D:5      | Reached skill level 5 in Fighting
  4098 | D:5      | Reached skill level 8 in Unarmed Combat
  4156 | D:5      | Reached **** piety under Trog
  4527 | D:6      | Noticed Edmund
  4550 | D:6      | Killed Edmund
  4572 | D:6      | Reached XP level 9. HP: 46/96 MP: 7/7
  4661 | D:6      | Found a deep blue altar of Sif Muna.
  4673 | D:6      | Reached skill level 9 in Unarmed Combat
  4962 | D:6      | Found a glowing silver altar of Zin.
  5031 | D:6      | Found an oddly glowing altar of Pakellas.
  5043 | D:6      | Noticed Menkaure
  5051 | D:6      | Killed Menkaure
  5145 | D:6      | Identified a scroll of acquirement
  5346 | D:6      | Found an opulent altar of Gozag.
  5536 | D:7      | Noticed Joseph
  5560 | D:7      | Killed Joseph
  5560 | D:7      | Reached skill level 10 in Unarmed Combat
  5824 | D:7      | Reached XP level 10. HP: 105/110 MP: 8/8
  6262 | D:8      | Reached skill level 11 in Unarmed Combat
  6328 | D:8      | Got a twisted mace
  6331 | D:8      | Identified the +4 mace of Virtue {antimagic, rC+} (You found it on level 8 of the Dungeon)
  6337 | D:8      | Found a shattered altar of Ashenzari.
  6512 | D:8      | Found a sand-covered staircase.
  6520 | Ossuary  | Entered an ossuary
  6744 | D:8      | Reached ***** piety under Trog
  7390 | D:9      | Noticed epen's ghost (novice MfMo)
  7440 | D:9      | Killed epen's ghost
  7440 | D:9      | Reached XP level 11. HP: 110/124 MP: 8/8
  8034 | D:9      | Found a bloodstained altar of Trog.
  8188 | D:10     | Entered Level 10 of the Dungeon
  8252 | D:10     | Found Mosat's Assorted Antiques.
  8296 | D:10     | Bought a large cabochon ring for 160 gold pieces
  8412 | D:10     | Noticed a seven-headed hydra
  8432 | D:10     | HP: 3/126 [11-headed hydra (5)]
  8432 | D:10     | Slain by an 11-headed hydra

Skill      XL: |  1  2  3  4  5  6  7  8  9 10 11 |
---------------+----------------------------------+-----
Fighting       | 3 4 5 6 8 9 |  9.1
Dodging        | 3 4 5 6 7 |  7.7
Unarmed Combat | 4 5 6 7 8 10 11 | 11.4
Stealth        | |  0.7

Action                   |  1- 3 |  4- 6 |  7- 9 | 10-12 || total
-------------------------+-------+-------+-------+-------++-------
Melee: Unarmed           |    65 |   126 |   322 |   290 ||   803
       Punch             |       |     2 |    13 |    14 ||    29
Invok: Trog's Hand       |     1 |     1 |     4 |     6 ||    12
       Berserk           |     1 |       |     5 |     3 ||     9
       Burn Spellbooks   |       |       |     2 |       ||     2
Evoke: Wand              |       |       |     2 |     2 ||     4
  Use: Scroll            |       |     9 |     6 |     3 ||    18
       Potion            |       |     6 |     6 |     6 ||    18
 Stab: Sleeping          |     1 |       |       |       ||     1
  Eat: Bread ration      |     1 |     1 |     1 |     1 ||     4
       Chunk             |       |    11 |    27 |    18 ||    56
       Beef jerky        |       |     1 |     1 |       ||     2
       Pizza             |       |     1 |       |       ||     1
       Meat ration       |       |       |     1 |       ||     1
       Royal jelly       |       |       |       |     7 ||     7
Armor: Animal skin       |    23 |    59 |    94 |    56 ||   232
Dodge: Dodged            |    34 |    69 |   170 |   194 ||   467
